AoeStats
← Dickus Giganticus

Arabia

510711095Analyzed
3v3 RM · 9h ago on Oct 2, 2026· 32m 23s· 6 players
Game mode
Random Map
Map size
Normal (6 player)
Population
200
Speed
Normal
Resources
Standard
Victory
Conquest
Starting age
Dark Age
Ending age
Imperial Age
RankedLock teamsTeams togetherTeam positionsShared explorationLock speedFull tech treeHidden civsTurbo modeCheats
Victory
Defeat
🇮🇹 Celts · Italy
1135
+20
🇦🇷 Vietnamese · Argentina
1123
+20
🇨🇳 Franks · China
1122
+20
🇦🇺 Byzantines · Australia
1266
-21
🇹🇷 Celts · Türkiye
1262
-22
🇭🇰 Poles · Hong Kong SAR China
1134
-17
Khruner
6:25 Loom
12:05 Feudal Age
12:52 Man-at-Arms
15:33 Scale Mail Armor
15:45 Forging
22:36 Castle Age
25:19 Town Watch
26:10 Wheelbarrow
24:58 Pikeman
27:16 Long Swordsman
28:16 Horse Collar
28:33 Double-Bit Axe
29:49 Bow Saw
33:16 Chain Mail Armor
Lutar
5:09 Loom
11:14 Feudal Age
11:39 Man-at-Arms
16:56 Wheelbarrow
17:35 Fletching
19:27 Double-Bit Axe
19:24 Horse Collar
23:39 Castle Age
23:19 Gold Mining
24:54 Crossbowman
25:31 Bodkin Arrow
32:04 Hand Cart
35:19 Imperial Age
YajiuSenpai
6:44 Loom
9:19 Feudal Age
10:41 Double-Bit Axe
18:12 Wheelbarrow
21:17 Castle Age
19:45 Gold Mining
20:43 Forging
21:33 Scale Barding Armor
22:55 Gold Shaft Mining
23:53 Husbandry
27:51 Iron Casting
28:34 Chain Barding Armor
Milkus Dilkus
9:57 Feudal Age
11:10 Double-Bit Axe
15:54 Horse Collar
16:00 Man-at-Arms
20:03 Castle Age
17:48 Loom
20:14 Gold Mining
20:23 Long Swordsman
21:08 Scale Mail Armor
21:47 Bow Saw
23:57 Chain Mail Armor
24:52 Pikeman
27:19 Forging
28:12 Heavy Plow
29:36 Arson
31:37 Iron Casting
Dickus Giganticus
8:26 Loom
10:52 Feudal Age
12:13 Double-Bit Axe
15:58 Forging
17:08 Horse Collar
19:58 Wheelbarrow
24:58 Castle Age
24:31 Stone Mining
25:59 Bow Saw
25:54 Heavy Plow
27:26 Hand Cart
26:49 Pikeman
Arfah
5:48 Loom
9:06 Feudal Age
9:59 Double-Bit Axe
19:48 Scale Barding Armor
19:54 Forging
19:37 Horse Collar
27:55 Castle Age
25:53 Gold Mining
29:09 Husbandry
Connection lost

Rejoining the realm…

Still unreachable

The connection could not be restored.

Session expired

The server has moved on; the page needs a fresh start.